Map: 世界主宰-天梯版

Players

TIME (Oliveira)

  • Race: Terran Terran

JieShi - Winner!

  • Race: Protoss Protoss
  • League: Master

Event: DreamHack SC2 Masters 2021 Summer

VOD

Have the link to the VOD?

Description

Time

  • Played on: May 30, 2021, 8:52 a.m.
  • Length: 11:43

All games in this series

Show
View Real Time Build Order
Export as new Build Order

TIME Terran 

Build Orders: Reaper Expand 

Get SALT Encoding   

  12  0:00  SCV  
  13  0:12  SCV  
  14  0:17  Supply Depot  
  14  0:24  SCV  
  15  0:39  SCV  
  15  0:40  Barracks  
  16  0:45  Refinery  
  16  0:51  SCV  
  17  1:03  SCV  
  18  1:15  SCV  
  19  1:28  Reaper  
  19  1:29  Orbital Command  
  20  1:42  Command Center  
  20  1:51  Supply Depot  
  20  1:54  SCV  
  20  2:00  Marine  
  22  2:06  SCV  
  23  2:10  Factory  
  23  2:20  Bunker  
  23  2:21  SCV  
  24  2:23  Barracks Reactor  
  24  2:26  Refinery  
  24  2:33  SCV  
  25  2:46  SCV  
  26  2:56  Starport, Hellion  
  26  2:57  Orbital Command  
  29  2:58  SCV  
  29  3:00  Marine  
  29  3:03  Orbital Command  
  29  3:04  Marine  
  31  3:10  SCV  
  32  3:18  Factory Tech Lab, Marine  
  32  3:22  Marine  
  33  3:28  SCV  
  33  3:29  SCV  
  34  3:36  Marine  
  34  3:40  Marine  
  35  3:42  SCV  
  35  3:43  SCV  
  35  3:45  Factory Tech Lab  
  35  3:46  Raven  
  39  3:49  Supply Depot  
  39  3:54  Marine  
  39  3:55  SCV x2  
  42  3:58  Marine  
  43  4:04  Barracks  
  43  4:06  Barracks  
  43  4:09  Siege Tank  
  44  4:11  SCV  
  44  4:13  SCV  
  44  4:16  Marine  
  47  4:23  SCV  
  47  4:25  SCV, Supply Depot  
  47  4:28  Engineering Bay  
  48  4:35  SCV  
  48  4:37  SCV, Marine x2  
  52  4:40  Refinery  
  52  4:47  SCV  
  52  4:50  SCV  
  54  4:53  Supply Depot  
  54  4:56  Terran Infantry Weapons Level 1  
  54  4:59  SCV  
  55  5:00  Stimpack, Marine x2, Combat Shield  
  55  5:03  SCV  
  55  5:05  Marine  
  55  5:06  Marine  
  60  5:11  Refinery  
  60  5:13  Supply Depot  
  60  5:14  SCV  
  61  5:15  SCV  
  61  5:16  Factory Reactor  
  61  5:18  Starport Reactor  
  61  5:20  Marine  
  63  5:21  Marine  
  63  5:26  SCV  
  63  5:27  SCV  
  68  5:28  Marauder  
  68  5:30  Marauder  
  68  5:32  Supply Depot  
  70  5:36  Supply Depot  
  70  5:38  SCV  
  70  5:39  SCV  
  70  5:40  Marine  
  70  5:41  Marine  
  76  5:50  Marauder  
  76  5:51  Marauder  
  76  5:55  Medivac x2  
  76  5:56  Widow Mine  
  84  5:57  Widow Mine  
  84  5:59  SCV  
  84  6:02  Supply Depot  
  84  6:03  Marine  
  88  6:05  Marine  
  91  6:11  Marauder  
  91  6:13  Marauder  
  93  6:19  Supply Depot  
  93  6:24  Widow Mine x2  
  93  6:25  Medivac x2  
  101  6:32  Marine  
  98  6:33  Marauder  
  98  6:39  Marauder  
  102  6:40  Marine  
  89  6:55  Command Center  
  89  6:57  Marine  
  89  7:01  SCV  
  88  7:03  Marine  
  88  7:07  SCV  
  88  7:09  Marauder  
  88  7:12  Marauder  
  92  7:16  Widow Mine x2  
  92  7:17  Marine  
  92  7:18  SCV  
  92  7:20  SCV  
  99  7:24  Liberator  
  99  7:27  Liberator  
  105  7:30  Marine, Concussive Shells  
  105  7:32  SCV x2  
  105  7:35  Supply Depot  
  108  7:38  Terran Infantry Armor Level 1  
  108  7:39  Marine  
  108  7:41  Supply Depot  
  109  7:47  SCV  
  110  7:57  Widow Mine x2, SCV, Marauder, Marine  
  118  8:02  Marine  
  118  8:03  Marauder  
  118  8:10  Liberator  
  121  8:13  Liberator  
  121  8:15  Orbital Command, Marine  
  121  8:17  SCV x2  
  121  8:19  Marauder  
  129  8:20  Marine  
  129  8:22  Barracks  
  129  8:24  Barracks  
  129  8:25  Marauder  
  132  8:35  Marine  
  132  8:37  SCV  
  132  8:38  Marine  
  132  8:40  Marauder  
  133  8:43  SCV  
  133  8:46  Marauder  
  133  8:47  Widow Mine x2  
  138  8:53  Marine  
  118  8:56  SCV, Marine  
  118  9:01  Marine  
  116  9:04  Liberator x2  
  116  9:07  Marine  
  106  9:10  SCV  
  106  9:11  SCV, Armory  
  106  9:12  Barracks Reactor, Barracks Tech Lab, Engineering Bay  
  106  9:15  Marine x2  
  109  9:18  Widow Mine x2  
  109  9:19  Marauder  
  109  9:20  SCV  
  109  9:23  SCV  
  115  9:29  SCV  
  116  9:31  Marine  
  116  9:32  Marauder  
  116  9:33  SCV, Marine  
  116  9:36  Marine, Supply Depot  
  122  9:40  SCV  
  122  9:44  Marine  
  128  9:45  Widow Mine x2  
  128  9:46  SCV  
  128  9:49  Marauder  
  128  9:51  Marine  
  100  10:00  Marine x2  
  100  10:01  Marauder  
  100  10:03  Medivac x2  
  100  10:06  SCV, Marine  
  100  10:07  Widow Mine x2, SCV, Marauder  
  113  10:08  Marine  
  110  10:15  Marine  
  110  10:17  SCV  
  110  10:18  SCV, Marine  
  109  10:22  Marauder  
  109  10:23  Marine  
  109  10:27  Marine  
  109  10:28  Refinery x2  
  110  10:32  Marine  
  110  10:34  Marauder, Medivac  
  110  10:35  Widow Mine  
  117  10:36  SCV x2  
  117  10:41  Marine  
  117  10:42  Marauder  
  122  10:44  Medivac  
  122  10:47  Marauder, Marine  
  127  10:50  Supply Depot  
  127  10:51  Supply Depot  
  127  10:55  Marauder  
  128  10:57  Marine x2  
  128  10:58  Widow Mine  
  128  10:59  Widow Mine  
  128  11:03  Marauder  
  134  11:11  Marine  
  134  11:12  Marauder  
  135  11:24  Marine x3  
Show
View Real Time Build Order
Export as new Build Order

JieShi Protoss - Winner!

Build Orders: 1 Gate Expand, Blink Stalkers 

Get SALT Encoding   

  12  0:00  Probe  
  13  0:12  Probe  
  14  0:18  Pylon  
  14  0:24  Probe (Chrono Boost)  
  15  0:37  Probe (Chrono Boost)  
  15  0:38  Gateway  
  16  0:45  Probe (Chrono Boost)  
  16  0:46  Assimilator  
  17  0:51  Probe  
  18  1:03  Probe  
  19  1:15  Probe  
  20  1:24  Nexus  
  20  1:33  Cybernetics Core  
  20  1:36  Probe  
  21  1:42  Assimilator  
  21  1:48  Probe  
  21  1:53  Pylon  
  22  2:00  Probe  
  23  2:08  Adept (Chrono Boost)  
  23  2:10  Warp Gate  
  23  2:12  Probe  
  26  2:20  Twilight Council  
  26  2:25  Probe  
  26  2:28  Stalker (Chrono Boost)  
  29  2:37  Probe (Chrono Boost)  
  29  2:43  Probe (Chrono Boost)  
  30  2:46  Probe (Chrono Boost)  
  30  2:50  Probe (Chrono Boost)  
  32  2:51  Probe (Chrono Boost)  
  32  2:52  Blink (Chrono Boost)  
  33  3:01  Probe  
  33  3:03  Probe  
  35  3:09  Gateway  
  35  3:13  Probe  
  35  3:15  Probe  
  37  3:25  Probe  
  38  3:33  Probe  
  39  3:38  Probe  
  38  3:43  Robotics Facility  
  38  3:45  Probe  
  39  3:50  Probe  
  39  3:52  Pylon, Nexus  
  40  3:58  Probe  
  40  4:01  Stalker  
  40  4:02  Probe  
  44  4:04  Stalker  
  45  4:10  Probe  
  45  4:14  Probe  
  45  4:16  Pylon  
  47  4:22  Probe  
  47  4:23  Pylon  
  48  4:25  Stalker  
  48  4:26  Probe, Assimilator  
  48  4:27  Stalker  
  48  4:30  Observer (Chrono Boost)  
  54  4:35  Gateway  
  54  4:36  Gateway  
  54  4:38  Probe  
  55  4:43  Probe  
  56  4:47  Charge (Chrono Boost)  
  56  4:50  Probe, Forge  
  56  4:51  Sentry  
  59  4:54  Shield Battery  
  60  5:00  Probe (Chrono Boost)  
  60  5:01  Observer (Chrono Boost)  
  60  5:06  Probe x2 (Chrono Boost)  
  63  5:13  Observer  
  65  5:15  Probe x2 (Chrono Boost), Observer, Pylon  
  65  5:17  Probe (Chrono Boost)  
  65  5:19  Protoss Ground Weapons Level 1 (Chrono Boost), Warp Prism (Chrono Boost)  
  66  5:22  Probe  
  66  5:26  Probe  
  70  5:29  Sentry  
  70  5:32  Probe, Pylon  
  70  5:34  Probe  
  74  5:38  Probe  
  74  5:40  Sentry  
  77  5:44  Gateway  
  77  5:46  Gateway  
  77  5:47  Gateway  
  77  5:49  Gateway  
  77  5:51  Immortal (Chrono Boost)  
  81  5:59  Pylon  
  81  6:04  Pylon  
  81  6:06  Zealot  
  81  6:07  Zealot x2  
  81  6:08  Zealot  
  89  6:12  Photon Cannon  
  89  6:15  Shield Battery  
  89  6:16  Observer  
  89  6:18  Pylon  
  90  6:36  Zealot x3  
  90  6:37  Zealot  
  98  6:40  Zealot, Immortal  
  98  6:43  Observer  
  100  6:48  Stalker  
  100  6:49  Zealot, Stalker  
  102  6:59  Probe x2  
  96  7:05  Zealot x3  
  96  7:06  Zealot  
  100  7:08  Pylon  
  100  7:11  Probe x2, Robotics Bay  
  102  7:17  Zealot x4  
  102  7:20  Protoss Ground Armor Level 1 (Chrono Boost)  
  102  7:22  Immortal  
  104  7:31  Probe  
  104  7:32  Probe x2  
  104  7:34  Assimilator  
  104  7:36  Zealot x2, Assimilator  
  111  7:44  Zealot x2  
  111  7:45  Zealot x2  
  111  7:51  Pylon  
  119  7:52  Observer, Robotics Facility  
  119  7:53  Zealot  
  119  7:54  Zealot  
  122  8:05  Colossus (Chrono Boost)  
  118  8:07  Extended Thermal Lance (Chrono Boost)  
  124  8:16  Probe x3  
  127  8:20  Photon Cannon  
  127  8:22  Zealot x4  
  131  8:36  Sentry  
  131  8:37  Stalker  
  125  8:51  Zealot x3  
  125  8:52  Zealot x2  
  125  8:54  Stalker  
  133  9:02  Colossus (Chrono Boost)  
  125  9:07  Stalker x2  
  115  9:10  Probe x3, Colossus (Chrono Boost)  
  124  9:18  Stalker x2  
  126  9:25  Nexus  
  126  9:39  Pylon, Stalker x3  
  126  9:40  Zealot x2  
  136  9:54  Zealot x2  
  134  10:03  Stalker  
  134  10:04  Stalker x3  
  137  10:07  Zealot, Stalker  
  137  10:09  Probe x2  
  137  10:11  Warp Prism (Chrono Boost)  
  141  10:16  Observer  
  144  10:29  Probe x2  
  144  10:30  Colossus (Chrono Boost)  
  144  10:32  Pylon  
  144  10:33  Probe  
  144  10:34  Pylon  
  147  10:39  Observer (Chrono Boost)  
  148  10:44  Stalker  
  148  10:45  Templar Archives, Stalker  
  148  10:46  Probe  
  151  11:01  Zealot x4  
  151  11:02  Zealot  
  151  11:03  Zealot  
  163  11:09  Zealot x2  
  162  11:13  Observer  
  135  11:26  Zealot x5  
  135  11:27  Zealot  
  137  11:38  Stalker x2  
Tags
 
Add a new tag
Caveats
  • Supply blocks, unpowered buildings, or Contaminate may cause inaccurate times.
  • Supply counts are checked every 10 seconds.